 Dungeon Crawl Stone Soup version 0.29.1-13-g9f3cf754e1 (webtiles) character file.

Game seed: 14125886035068445741

270 xian the Stinger (level 6, -9/43 HPs)
             Began as a Demonspawn Venom Mage on Feb 10, 2023.
             Killed by divine providence
             ... invoked by an orc priest
              (13 damage)
             ... on level 4 of the Dungeon.
             The game lasted 00:09:33 (4671 turns).

xian the Stinger (Demonspawn Venom Mage)            Turns: 4671, Time: 00:09:33

Health: -9/43      AC:  8    Str:  7 (8)  XL:     6   Next: 1%
Magic:  4/10       EV: 11    Int: 20 (22) God:
Gold:   153        SH:  4    Dex: 10 (12) Spells: 1/11 levels left

rFire   . . .      SeeInvis .   e - +0 spear
rCold   . . .      Faith    .   (no shield)
rNeg    . . .      Spirit   .   j - +0 leather armour
rPois   .          Reflect  .   q - +0 helmet
rElec   .          Harm     .   (no cloak)
rCorr   .          Rampage  .   (no gloves)
Will    .....      Clarity  +   (no boots)
Stlth   +.........              (no amulet)
HPRegen 0.14/turn               (no ring)
MPRegen 0.12/turn               (no ring)

@: no status effects
A: claws 1, icemail 1, powered by pain 1, condensation shield, clarity, clever 1
a: no special abilities


You were on level 4 of the Dungeon.
You visited 1 branch of the dungeon, and saw 4 of its levels.

You collected 153 gold pieces.

Inventory:

Hand Weapons
 e - a +0 spear (weapon)
Missiles
 k - 5 boomerangs of dispersal
Armour
 j - a +0 leather armour (worn)
 q - a +0 helmet (worn)
Magical Staves
 p - a staff of fire
 r - a staff of death
Wands
 o - a wand of polymorph (5)
Scrolls
 a - a scroll of brand weapon {unknown}
 c - 2 scrolls of enchant armour {unknown}
 f - 2 scrolls of vulnerability {unknown}
 g - a scroll of immolation {unknown}
 h - 2 scrolls of identify {unknown}
 i - 3 scrolls of enchant weapon {unknown}
 l - 3 scrolls of teleportation {unknown}
 m - 2 scrolls of amnesia {unknown}
 n - a scroll of magic mapping {unknown}
 t - a scroll of fear {unknown}
Potions
 b - a potion of magic
 d - a potion of flight {unknown}


   Skills:
 + Level 1.0 Fighting
 + Level 1.3 Polearms
 + Level 1.3 Armour
 + Level 2.3 Dodging
 + Level 2.0 Stealth
 + Level 3.2 Spellcasting
 * Level 1.0 Conjurations
 + Level 1.9 Transmutations
 + Level 0.4 Air Magic
 + Level 4.1 Poison Magic


You had one spell level left.
You knew the following spells:

 Your Spells              Type           Power      Damage    Failure   Level
a - Sting                 Tmut/Pois      60%        1d6       6%          1
b - Poisonous Vapours     Pois/Air       24%        N/A       12%         2
c - Mephitic Cloud        Conj/Pois/Air  10%        N/A       28%         3
d - Olgreb's Toxic Radia  Pois           19%        N/A       36%         4

Your spell library contained the following spells:

 Spells                   Type           Power      Damage    Failure   Level
 Beastly Appendage        Tmut           22%        N/A       9%          1
 Wereblood                Tmut           11%        N/A       14%         2
 Spider Form              Tmut/Pois      15%        N/A       17%         3


Dungeon Overview and Level Annotations

Branches:
Dungeon (4/15)
 Temple: D:4-7

Altars:


Innate Abilities, Weirdness & Mutations

You have sharp fingernails.
A meltable icy envelope protects you from harm. (AC +4)
You sometimes gain a little power by taking damage.
A meltable shield of frost defends you. (SH +4)
You possess an exceptional clarity of mind.
Your mind is acute. (Int +4, Str/Dex -1)


Message History

The orc is almost dead.
The orc hits you with a +0 flail of holy wrath.
You convulse.
Unknown command.
You hit the orc.
You kill the orc!
The orc priest barely misses you.
The orc wizard gestures at you while chanting.
You are confused.
Okay, then.
You're too confused to move!
The orc priest closely misses you.
The orc wizard points at you and mumbles some strange words.
The magic dart hits you.
You hit the orc wizard.
The orc wizard is moderately wounded.
The orc wizard looks more healthy.
The orc priest hits you but does no damage.
The orc wizard hits you but does no damage.
You bump into the rock wall.
The orc priest hits you but does no damage.
The orc wizard hits you but does no damage.
The orc priest attacks as you move away!
The orc priest barely misses you.
The orc priest looks more healthy.
The orc priest calls down the wrath of Beogh upon you.
Pain shoots through your body!
* * * LOW HITPOINT WARNING * * *
You're too confused to cast spells.
Unknown command.
You are too confused!
It was a potion of degeneration.
There was something very wrong with that liquid.
You feel weakened.
You feel dopey.
You feel clumsy.
You feel less confused.
The orc wizard gestures at you while chanting.
You resist with some effort.
It was a potion of mutation.
You feel extremely strange.
You feel clever.
Your thoughts seem clearer.
The orc priest invokes the aid of Beogh against you.
Beogh smites you!
You die...

....##....####...##.###......#
#...##.....###.......#.......#
....#.....#.#..#.............
......... #...##.##.†........
... ..#....####......#...
..........[.....#. .
..##................# ..
##................
...##...@...##....###.
.......oog........#
.....##..)?.......# ....
##............ ..
....###...... .....# ......
#...... ..# #....... .#
....)...#


You could see an orc priest, an orc wizard and a goblin.

Vanquished Creatures
  Pargi (D:3)
  A hound (D:4)
  6 adders
  3 worms
  2 dart slugs
  7 orcs
  10 ball pythons
  8 endoplasms
  6 giant cockroaches
  4 goblins
  3 hobgoblins
  2 quokkas
  5 bats
  A frilled lizard (D:3)
  5 kobolds
  4 rats
68 creatures vanquished.

Notes
Turn   | Place    | Note
-------+----------+-------------------------------------------
     0 | D:1      | xian the Demonspawn Venom Mage began the quest for the Orb.
     0 | D:1      | Reached XP level 1. HP: 13/13 MP: 3/3
   659 | D:1      | Gained mutation: You have sharp fingernails. [demonic
                  | ancestry]
   659 | D:1      | Reached XP level 2. HP: 13/19 MP: 5/5
   949 | D:1      | Learned a level 2 spell: Poisonous Vapours
  1499 | D:1      | Reached skill level 1 in Transmutations
  1579 | D:1      | Gained mutation: A meltable shield of frost defends you.
                  | (SH +4) [demonic ancestry]
  1579 | D:1      | Reached XP level 3. HP: 24/24 MP: 3/6
  1583 | D:1      | Learned a level 3 spell: Mephitic Cloud
  1934 | D:2      | Found a faded altar of an unknown god.
  2758 | D:2      | Gained mutation: You sometimes gain a little power by
                  | taking damage. [demonic ancestry]
  2758 | D:2      | Reached XP level 4. HP: 28/30 MP: 6/8
  3616 | D:3      | Noticed Pargi
  3641 | D:3      | HP: 1/30 [Pargi (3)]
  3643 | D:3      | Killed Pargi
  3644 | D:3      | Reached skill level 1 in Polearms
  3644 | D:3      | Reached skill level 1 in Armour
  3644 | D:3      | Reached skill level 4 in Poison Magic
  3644 | D:3      | Reached XP level 5. HP: 17/35 MP: 3/9
  4212 | D:4      | Noticed an ogre
  4634 | D:4      | Reached skill level 1 in Fighting
  4634 | D:4      | Reached skill level 1 in Conjurations
  4634 | D:4      | Gained mutation: A meltable icy envelope protects you from
                  | harm. (AC +4) [demonic ancestry]
  4634 | D:4      | Reached XP level 6. HP: 19/43 MP: 6/10
  4639 | D:4      | Learned a level 4 spell: Olgreb's Toxic Radiance
  4671 | D:4      | Gained mutation: Your mind is acute. (Int +4, Str/Dex -1)
                  | [potion of mutation]
  4671 | D:4      | Gained mutation: You possess an exceptional clarity of
                  | mind. [potion of mutation]
  4671 | D:4      | Killed from afar by an orc priest

Illustrated notes

Levels and vault maps discovered:
D:1:      lemuel_arrival_funnel, layout_loops_ring
D:2:      layout_loops_ring, shapermc_ecumenical_altar_totnotflames
D:3:      layout_basic, uniq_pargi
D:4:      layout_cave_pools, chequers_serial_rivers_small_3

Skill      XL: |  1  2  3  4  5 |
---------------+----------------+-----
Dodging        | 2 |  2.3
Transmutations | 1 |  1.9
Spellcasting   | 3 |  3.2
Polearms       | 1 |  1.3
Armour         | 1 |  1.3
Stealth        | 2 |  2.0
Poison Magic   | 4 |  4.1
Fighting       | 1 |  1.0
Conjurations   | 1 |  1.0
Air Magic      | |  0.4

Action                   |  1- 3 |  4- 6 || total
-------------------------+-------+-------++-------
Melee: Spear             |    78 |    77 ||   155
       Punch             |     2 |       ||     2
 Cast: Sting             |    50 |    38 ||    88
       Poisonous Vapours |     7 |    14 ||    21
  Use: Potion            |       |     4 ||     4
 Stab: Sleeping          |     1 |       ||     1
Armor: Robe              |     5 |       ||     5
       Leather armour    |    15 |    29 ||    44
Dodge: Dodged            |    48 |    76 ||   124
Block: Other             |    15 |    22 ||    37
